 Dungeon Crawl Stone Soup version 0.21.0-3-g78d12a8 (webtiles) character file.

228713 Mgcat the Slayer (level 19, -18/189 HPs)
             Began as a Minotaur Berserker on Jan 11, 2018.
             Was a High Priest of Trog.
             Hit by a javelin of returning thrown by a merfolk javelineer (21 damage)
             ... on level 4 of the Shoals.
             The game lasted 03:11:49 (38918 turns).

Mgcat the Slayer (Minotaur Berserker)              Turns: 38918, Time: 03:11:52

Health: -18/189    AC: 26    Str: 22    XL:     19   Next: 8%
Magic:  0/27       EV: 17    Int:  4    God:    Trog [*****.]
Gold:   533        SH:  0    Dex: 24    Spells: 18/18 levels left

rFire    + . .     SeeInvis .   X - +5 dire flail of Tortfeasance {speed, rN+ Dex+6}
rCold    + . .     Gourm    .   (shield currently unavailable)
rNeg     + + +     Faith    .   U - +4 plate armour {rN+}
rPois    +         Spirit   +   P - -2 hat of the Alchemist {rElec rPois rF+ rC+ rN+ MR+ rMut rCorr}
rElec    +         Reflect  .   p - +2 cloak
rCorr    +         Harm     .   J - +1 pair of gloves
rMut     +                      (no boots)
MR       +++++                  y - amulet of guardian spirit
Stlth    ..........             v - +5 ring of evasion
HPRegen  1.41/turn              K - ring of protection from magic
MPRegen  0.20/turn

@: engulfed (cannot breathe), berserk cooldown, regenerating, slowed, very slow
A: retaliatory headbutt, horns 2
a: Berserk, Trog's Hand, Brothers in Arms, Burn Spellbooks, Renounce Religion


You were on level 4 of the Shoals.
You worshipped Trog.
Trog was extremely pleased with you.
You were very hungry.

You visited 5 branches of the dungeon, and saw 30 of its levels.
You visited the Abyss 3 times.
You visited 1 bazaar.
You also visited: Ice Cave.

You collected 3402 gold pieces.
You spent 2869 gold pieces at shops.

Inventory:

Hand Weapons
 i - the +5 battleaxe "Qateq" {freeze, Dex+3}
   (Trog gifted it to you on level 2 of the Shoals)

   It has been specially enchanted to freeze those struck by it, causing extra
   injury to most foes and up to half again as much damage against particularly
   susceptible opponents.
   It can also slow down cold-blooded creatures.
   It affects your dexterity (+3).
 X - the +5 dire flail of Tortfeasance (weapon) {speed, rN+ Dex+6}
   (You found it on level 2 of the Abyss)

   Attacks with this weapon are significantly faster.
   It affects your dexterity (+6).
   It protects you from negative energy.
Armour
 l - a +0 shield
 p - a +2 cloak (worn)
 J - a +1 pair of gloves (worn)
 P - the -2 hat of the Alchemist (worn) {rElec rPois rF+ rC+ rN+ MR+ rMut rCorr}
   (You bought it in a shop on level 6 of the Dungeon)

   It protects you from fire.
   It protects you from cold.
   It insulates you from electricity.
   It protects you from poison.
   It protects you from negative energy.
   It affects your resistance to hostile enchantments.
   It protects you from acid and corrosion.
   It protects you from mutation.
 U - a +4 plate armour of positive energy (worn)
Jewellery
 q - an uncursed ring of flight {unknown}
 u - an uncursed ring of protection from fire
 v - a +5 ring of evasion (left hand)
 w - an uncursed amulet of the gourmand
 y - an amulet of guardian spirit (around neck)
 K - a ring of protection from magic (right hand)
 L - an uncursed ring of ice
Wands
 k - a wand of clouds (7)
 t - a wand of iceblast (6)
 B - a wand of acid (18)
 E - a wand of disintegration (24)
Scrolls
 b - 4 scrolls of magic mapping
 e - 12 scrolls of teleportation
 n - 7 scrolls of identify
 x - 2 scrolls of blinking
 I - 7 scrolls of remove curse
 T - 4 scrolls of enchant weapon
 V - 2 scrolls of fear
 Y - a scroll of summoning
Potions
 a - 2 potions of agility
 d - 2 potions of cancellation
 f - 12 potions of curing
 g - a potion of heal wounds
 h - 4 potions of haste
 j - 4 potions of flight
 m - 2 potions of ambrosia
 o - 2 potions of mutation
 r - 2 potions of might
 M - a potion of resistance
Miscellaneous
 N - a lamp of fire
 Z - a phial of floods
Comestibles
 c - 29 rations
 s - a chunk of flesh


   Skills:
 + Level 21.3 Fighting
 - Level 15.4(16.8) Axes
 - Level 12.0(15.1) Maces & Flails
 + Level 16.8 Armour
 + Level 6.7 Dodging
 + Level 6.5 Shields
 + Level 13.3 Evocations


You had 18 spell levels left.
You didn't know any spells.

Dungeon Overview and Level Annotations

Branches:
Dungeon (15/15)            Temple (0/1) D:6            Lair (6/6) D:9
 Shoals (4/4) Lair:4        Snake (3/4) Lair:4        Slime (0/5) Lair:6
    Orc (2/2) D:9             Elf (0/3) Orc:2        Vaults (0/5) D:14
 Depths (0/5) D:15

Altars:
Ashenzari
Dithmenos
Jiyva

Shops:
D:6 ?[}   D:8 *   Orc:2 %![!

Annotations:
Lair:3 exclusion: 2 oklob plants
Lair:6 1 runed door
Shoals:3 exclusion: oklob plant
Shoals:4 Ilsuiw


Innate Abilities, Weirdness & Mutations

You reflexively headbutt those who attack you in melee.
You have a pair of horns on your head.


Message History

The merfolk javelineer throws a javelin of returning.
The javelin of returning closely misses you.
The water elemental hits you.
* * * LOW HITPOINT WARNING * * *
The water elemental hits you.
There is a stone staircase leading up here.
You see here a javelin of returning.
* * * LOW HITPOINT WARNING * * *
Your lungs strain for air!
The water elemental disappears in a puff of smoke!
Something hits you but does no damage.
The merfolk javelineer throws a javelin of returning.
The javelin of returning hits you.
* * * LOW HITPOINT WARNING * * *
The weapon returns to the merfolk javelineer!
The water elemental hits you!
* * * LOW HITPOINT WARNING * * *
The merfolk javelineer throws a javelin of returning.
The javelin of returning hits you!!
You die...

#≈≈≈≈≈≈≈≈≈≈..$≈..
##≈≈≈≈≈≈≈≈≈...≈≈≈.≈≈
#.≈≈≈≈≈m≈≈≈≈≈≈≈≈≈≈≈≈
###≈≈≈≈≈≈≈........≈≈≈ ###
#≈≈≈≈≈≈≈≈≈)......≈≈≈≈
#≈≈≈##≈≈≈≈≈≈≈≈..)..(..≈≈≈≈
..≈≈≈%.)...≈≈...{.(..≈≈≈≈≈
≈≈≈≈≈≈≈)≈≈≈≈≈≈≈E....≈≈≈≈≈≈
≈≈≈≈≈≈≈≈≈≈≈≈≈≈EC@≈≈≈≈≈≈≈≈≈
≈≈≈≈≈≈≈≈≈≈≈≈≈≈≈§≈≈≈≈≈≈≈≈≈≈
≈≈≈≈≈≈≈≈≈≈≈≈≈≈≈≈≈≈≈≈≈≈≈≈≈≈
≈≈≈≈≈≈≈≈≈≈≈≈≈(≈≈≈≈≈≈≈≈≈≈≈≈
≈≈≈≈≈≈≈≈≈≈≈≈)≈≈≈≈≈≈≈≈≈≈≈≈≈
≈≈≈≈≈≈≈≈≈≈≈≈≈≈≈≈≈≈≈≈≈≈≈≈≈≈
≈≈≈≈≈≈≈≈≈≈≈≈≈≈≈≈≈≈≈≈≈≈≈≈≈≈
≈≈≈≈≈≈≈≈≈≈≈≈≈≈≈≈≈≈≈≈
≈≈≈≈≈≈≈≈≈≈≈≈≈≈≈≈≈


You could see a frost giant, a merfolk javelineer and 2 water elementals.

Vanquished Creatures
  Nikola (Snake:1)
  A tentacled starspawn (Abyss:3)
  Kirke (Shoals:1)
  Donald (Shoals:2)
  4 nagarajas
  A daeva (Abyss:2)
  A deep elf sorcerer (Abyss:2)
  A cacodemon (Abyss:2)
  A dire elephant (Lair:6)
  A merfolk javelineer (Shoals:4)
  7 merfolk impalers
  A vault guard (D:14)
  7 naga warriors
  3 ice dragons
  Harold (Orc:1)
  6 hydras
  Fannar (Lair:3)
  3 catoblepae (Lair:6)
  An ogre mage (D:14)
  5 anacondas
  3 merfolk aquamancers
  4 centaur warriors
  A merfolk avatar (Shoals:2)
  13 death yaks
  9 two-headed ogres
  An alligator snapping turtle (Shoals:2)
  4 satyrs
  2 thrashing horrors (Abyss:2)
  4 orc high priests (Orc:2)
  10 naga sharpshooters
  4 shock serpents
  4 wretched stars
  5 skeletal warriors
  3 sixfirhies (Abyss:2)
  2 salamander mystics
  8 sea snakes
  2 naga ritualists
  7 harpies (Shoals:2)
  2 unseen horrors
  Pikel (D:8)
  5 ugly things
  The ghost of mopl the Sneak, a novice TeEn (D:8)
  An oklob plant (Shoals:1)
  8 salamanders
  An orc sorcerer (Orc:2)
  5 cyclopes
  The ghost of komo4ek the Changer, a novice OpTm of Wu Jian (D:6)
  5 mana vipers
  12 elephants
  A worldbinder (Abyss:2)
  21 fauns
  10 manticores
  22 black mambas
  3 water nymphs
  3 ice statues
  4 guardian serpents
  10 merfolk sirens
  15 naga magi
  Psyche (D:12)
  Maurice (D:8)
  A smoke demon (Abyss:2)
  Joseph (D:7)
  A torpor snail (Lair:4)
  10 spiny frogs
  3 gargoyles
  5 rime drakes
  2 tormentors (Abyss:2)
  7 komodo dragons
  An ancient zyme (Abyss:1)
  A minotaur zombie (Abyss:1)
  19 merfolk
  5 trolls
  3 wind drakes
  A blink frog (shapeshifter) (D:14)
  5 slime creatures (D:14)
  5 raiju (Abyss:2)
  Prince Ribbit (D:6)
  4 snapping turtles
  16 blink frogs
  A shadow (D:11)
  13 hippogriffs
  A large abomination (Abyss:2)
  48 yaks
  A fire bat (Abyss:2)
  3 wraiths
  Grum (D:9)
  9 water elementals
  3 wyverns
  3 hogs (Shoals:1)
  2 hungry ghosts
  A steam dragon (Lair:5)
  Menkaure (D:4)
  3 wargs (Orc:1)
  29 nagas
  3 soldier ants
  An acid dragon (D:14)
  4 porcupines
  7 water moccasins
  27 orc warriors
  6 sky beasts
  3 phantoms
  A hornet zombie (D:9)
  3 small abominations
  15 ice beasts
  2 black bears
  2 eyes of draining
  14 ogres
  4 wolves (D:9)
  21 centaurs
  17 crocodiles
  Blork the orc (D:4)
  2 big kobolds
  20 bullfrogs
  A wyvern skeleton (D:11)
  5 scorpions
  5 electric eels
  5 wights (D:10)
  8 crimson imps
  12 howler monkeys
  A quasit (D:8)
  2 bullfrog zombies
  2 centaur zombies
  38 orc priests
  A gnoll shaman (D:9)
  A bullfrog skeleton (D:9)
  5 hounds
  4 jellies
  32 orc wizards
  An iron imp (Abyss:1)
  Jessica (D:2)
  4 iguanas
  17 worker ants
  2 hound skeletons
  Robin (D:2)
  13 adders
  7 gnolls
  5 shadow imps
  An adder skeleton (D:4)
  2 adder zombies (D:5)
  3 worms
  A dart slug (D:2)
  6 leopard geckos
  109 orcs
  8 giant cockroaches
  10 goblins
  12 hobgoblins
  18 jackals
  3 quokkas
  2 ball pythons
  2 bats
  2 frilled lizards
  11 kobolds
  2 leopard gecko skeletons
  A quokka skeleton (D:4)
  3 rats
  A butterfly (Lair:5)
1000 creatures vanquished.

Vanquished Creatures (collateral kills)
  A death knight (D:15)
  2 wraiths (D:15)
  2 centaurs (D:15)
5 creatures vanquished.

Vanquished Creatures (others)
  A merfolk javelineer (Shoals:4)
  A merfolk impaler (Shoals:4)
  6 black mambas (Snake:1)
  2 humans (Shoals:1)
  2 slaves (D:8)
  A quokka (D:8)
  43 fungi
  29 plants
  4 starspawn tentacles
89 creatures vanquished.

Grand Total: 1094 creatures vanquished

Notes
Turn   | Place    | Note
-------+----------+-------------------------------------------
     0 | D:1      | Mgcat the Minotaur Berserker began the quest for the Orb.
     0 | D:1      | Reached XP level 1. HP: 19/19 MP: 0/0
   191 | D:1      | Reached XP level 2. HP: 17/26 MP: 1/1
   893 | D:2      | Noticed Robin
   900 | D:2      | Reached skill level 5 in Axes
   907 | D:2      | Killed Robin
   907 | D:2      | Reached XP level 3. HP: 31/31 MP: 2/2
   908 | D:2      | Reached ** piety under Trog
  1215 | D:2      | Noticed Jessica
  1218 | D:2      | Killed Jessica
  1218 | D:2      | Reached XP level 4. HP: 39/39 MP: 3/3
  2053 | D:3      | Reached XP level 5. HP: 43/45 MP: 4/4
  2527 | D:3      | You fall through a shaft for 3 floors!
  2760 | D:6      | Reached XP level 6. HP: 51/51 MP: 5/5
  2802 | D:6      | Found Ecut's Armour Boutique.
  2815 | D:6      | Bought a +0 chain mail for 54 gold pieces
  3124 | D:6      | Found Jeujibag's Gadget Emporium.
  3267 | D:6      | Found a staircase to the Ecumenical Temple.
  3285 | D:5      | Entered Level 5 of the Dungeon
  3298 | D:5      | Reached *** piety under Trog
  3557 | D:4      | Noticed Menkaure
  3562 | D:4      | Killed Menkaure
  3562 | D:4      | Reached XP level 7. HP: 57/57 MP: 6/6
  3589 | D:4      | Reached skill level 10 in Axes
  4037 | D:4      | Found a shattered altar of Ashenzari.
  4046 | D:4      | Reached skill level 4 in Fighting
  4218 | D:4      | Noticed Blork the orc
  4222 | D:4      | Killed Blork the orc
  4807 | D:5      | Reached skill level 5 in Fighting
  5050 | D:5      | Reached XP level 8. HP: 66/68 MP: 7/7
  5547 | D:6      | Found Riroqen's Magic Scroll Emporium.
  5559 | D:6      | Bought a scroll of magic mapping for 52 gold pieces
  5635 | D:6      | Reached skill level 6 in Fighting
  5786 | D:6      | Noticed Prince Ribbit
  6065 | D:6      | Noticed komo4ek's ghost (novice OpTm)
  6065 | D:6      | Killed Prince Ribbit
  6065 | D:6      | Reached skill level 7 in Fighting
  6085 | D:6      | Killed komo4ek's ghost
  6085 | D:6      | Reached skill level 8 in Fighting
  6436 | D:7      | Reached XP level 9. HP: 78/81 MP: 8/8
  6507 | D:7      | Noticed Joseph
  6526 | D:7      | Killed Joseph
  6570 | D:7      | Reached skill level 9 in Fighting
  6673 | D:7      | Got a crystal whip
  6674 | D:7      | Identified the +12 whip of Foshrureu {flame, *Noise rC+ Dex+4} (You found it on level 7 of the Dungeon)
  7196 | D:8      | Noticed Maurice
  7231 | D:8      | Killed Maurice
  7231 | D:8      | Received a gift from Trog
  7252 | D:8      | Reached skill level 10 in Fighting
  7298 | D:8      | Found Amnon's Assorted Antiques.
  7342 | D:8      | Noticed Pikel
  7355 | D:8      | Killed Pikel
  7355 | D:8      | Reached XP level 10. HP: 94/94 MP: 9/9
  7414 | D:8      | Noticed mopl's ghost (novice TeEn)
  7426 | D:8      | Killed mopl's ghost
  7426 | D:8      | Reached skill level 11 in Fighting
  7665 | D:8      | Reached **** piety under Trog
  7709 | D:8      | Noticed a two-headed ogre
  7716 | D:8      | Killed a two-headed ogre
  8077 | D:9      | Reached skill level 12 in Fighting
  8098 | D:9      | Received a gift from Trog
  8178 | D:9      | Noticed Grum
  8184 | D:9      | Found a staircase to the Lair.
  8195 | D:9      | Killed Grum
  8198 | D:9      | Reached skill level 15 in Axes
  8306 | D:9      | Found a staircase to the Orcish Mines.
  8333 | D:9      | Noticed a two-headed ogre
  8420 | D:9      | Killed a two-headed ogre
  8420 | D:9      | Reached XP level 11. HP: 106/106 MP: 10/10
  8967 | D:10     | Entered Level 10 of the Dungeon
  9013 | D:10     | Reached skill level 13 in Fighting
  9013 | D:10     | Reached skill level 1 in Evocations
  9175 | D:10     | Reached skill level 1 in Maces & Flails
  9245 | D:10     | Reached ***** piety under Trog
  9903 | D:11     | Noticed a two-headed ogre
  9909 | D:11     | Killed a two-headed ogre
 10190 | D:11     | Reached skill level 5 in Armour
 10226 | D:11     | Killed an unseen horror
 10290 | D:11     | Noticed a purple ugly thing
 10301 | D:11     | Killed a purple ugly thing
 10415 | D:11     | Noticed a two-headed ogre
 10422 | D:11     | Killed a two-headed ogre
 10628 | D:11     | Reached skill level 5 in Maces & Flails
 10706 | D:11     | Noticed a two-headed ogre
 10714 | D:11     | Killed a two-headed ogre
 10717 | D:11     | Reached XP level 12. HP: 116/116 MP: 14/14
 11029 | Lair:1   | Entered Level 1 of the Lair of Beasts
 11084 | Lair:1   | Reached skill level 14 in Fighting
 12171 | Lair:2   | Noticed a death yak
 12171 | Lair:2   | Noticed a death yak
 12171 | Lair:2   | Noticed a death yak
 12172 | Lair:2   | Noticed a death yak
 12183 | Lair:1   | Killed a death yak
 12183 | Lair:1   | Reached skill level 5 in Evocations
 12195 | Lair:1   | Killed a death yak
 12237 | Lair:2   | Noticed a death yak
 12246 | Lair:1   | Killed a death yak
 12256 | Lair:1   | Killed a death yak
 12363 | Lair:2   | Noticed a death yak
 12369 | Lair:2   | Killed a death yak
 12380 | Lair:2   | Killed a death yak
 12826 | Lair:2   | Received a gift from Trog
 13302 | Lair:3   | Reached skill level 15 in Fighting
 13302 | Lair:3   | Reached XP level 13. HP: 120/126 MP: 16/16
 13705 | Lair:3   | Noticed Fannar
 13717 | Lair:3   | Killed Fannar
 14747 | Lair:4   | Found a staircase to the Shoals.
 14832 | Lair:4   | Found a staircase to the Snake Pit.
 15397 | Lair:4   | Reached skill level 10 in Armour
 15659 | D:6      | Bought the -2 hat of the Alchemist {rElec rPois rF+ rC+ rN+ MR+ rMut rCorr} for 566 gold pieces
 15659 | D:6      | Found the -2 hat of the Alchemist {rElec rPois rF+ rC+ rN+ MR+ rMut rCorr}
 15987 | Lair:2   | Got a twisted flail
 15988 | Lair:2   | Lost intelligence.
 15988 | Lair:2   | Identified the +8 flail of the Vestibule of Hell {holy, Str+5 Int-5} (You found it on level 2 of the Lair of Beasts)
 16841 | Lair:6   | Entered Level 6 of the Lair of Beasts
 16870 | Lair:6   | Reached skill level 10 in Maces & Flails
 17048 | Lair:6   | Found a runed door.
 17049 | Lair:6   | Found a viscous altar of Jiyva.
 17049 | Lair:6   | Noticed an azure jelly
 17050 | Lair:6   | Noticed an azure jelly
 17051 | Lair:6   | Noticed an azure jelly
 17051 | Lair:6   | Found a staircase to the Slime Pits.
 17071 | Lair:6   | Noticed a dire elephant
 17091 | Lair:6   | Killed a dire elephant
 17334 | Lair:6   | Reached skill level 16 in Fighting
 17549 | Lair:6   | Reached XP level 14. HP: 137/137 MP: 19/19
 19134 | Lair:6   | Received a gift from Trog
 19966 | Orc:1    | Entered Level 1 of the Orcish Mines
 20292 | Orc:2    | Entered Level 2 of the Orcish Mines
 20584 | Orc:2    | Found a staircase to the Elven Halls.
 20858 | Orc:2    | Received a gift from Trog
 20883 | Orc:2    | Found a frozen archway.
 20895 | IceCv    | Entered an ice cave
 21081 | IceCv    | Received a gift from Trog
 21921 | Orc:2    | Found Defud's Distillery.
 21926 | Orc:2    | Found Viteil's Antique Armour Shop.
 21940 | Orc:2    | Found Gussoed's Food Boutique.
 21954 | Orc:2    | Found Oweopteg's Distillery.
 21967 | Orc:2    | Bought a potion of curing for 45 gold pieces
 21967 | Orc:2    | Bought a potion of lignification for 45 gold pieces
 21967 | Orc:2    | Bought a potion of heal wounds for 75 gold pieces
 21968 | Orc:2    | Bought 2 potions of experience for 1200 gold pieces
 21968 | Orc:2    | Reached skill level 17 in Fighting
 21968 | Orc:2    | Reached XP level 15. HP: 149/149 MP: 21/21
 21969 | Orc:2    | Reached skill level 18 in Fighting
 21969 | Orc:2    | Reached XP level 16. HP: 159/159 MP: 22/22
 22172 | Orc:2    | Identified a scroll of acquirement
 22201 | Orc:1    | Noticed Harold
 22209 | Orc:1    | Killed Harold
 22522 | D:12     | Noticed Psyche
 22526 | D:12     | Cast into level 1 of the Abyss (Psyche)
 22622 | Abyss:1  | Noticed a tentacled starspawn
 22631 | Abyss:1  | Paralysed by fainting for 5 turns
 22645 | D:12     | Escaped the Abyss
 22652 | D:12     | Killed Psyche
 23184 | D:12     | Reached skill level 10 in Evocations
 24088 | D:13     | Reached skill level 19 in Fighting
 24451 | D:14     | Reached XP level 17. HP: 161/168 MP: 21/23
 24645 | D:14     | Received a gift from Trog
 25046 | D:14     | Found a gate to the Vaults.
 25298 | D:15     | Entered Level 15 of the Dungeon
 26284 | D:15     | Found a shadowy altar of Dithmenos.
 26346 | D:15     | Found a staircase to the Depths.
 26761 | Snake:1  | Entered Level 1 of the Snake Pit
 27540 | Snake:1  | Noticed Nikola
 27565 | Snake:1  | Killed Nikola
 28570 | Snake:1  | Found a gateway to a bazaar.
 28595 | Bazaar   | Entered a bazaar
 28595 | Bazaar   | Found Leinusk's Antique Weapon Shop.
 28595 | Bazaar   | Found Tyziogee's General Store.
 28668 | Bazaar   | Found Jebiv's Antique Armour Boutique.
 28676 | Bazaar   | Found Voumoi's Distillery.
 28687 | Bazaar   | Found Dempocso's Gadget Emporium.
 28734 | Bazaar   | Bought a glowing plate armour for 832 gold pieces
 28896 | Snake:2  | Reached skill level 20 in Fighting
 29516 | Snake:2  | Reached skill level 15 in Armour
 30251 | Snake:2  | Received a gift from Trog
 31013 | Snake:3  | Reached XP level 18. HP: 156/180 MP: 26/26
 32591 | Shoals:1 | Entered Level 1 of the Shoals
 32591 | Shoals:1 | Noticed Kirke
 32616 | Shoals:1 | Killed Kirke
 33084 | Shoals:1 | Reached skill level 1 in Shields
 33390 | Shoals:2 | Received a gift from Trog
 33392 | Shoals:2 | Got a translucent battleaxe {god gift}
 33393 | Shoals:2 | Identified the +5 battleaxe "Qateq" {freeze, Dex+3} (Trog gifted it to you on level 2 of the Shoals)
 34189 | Shoals:2 | Noticed Donald
 34202 | Shoals:2 | Killed Donald
 34621 | Shoals:2 | Cast into level 3 of the Abyss (merfolk impaler)
 34717 | Abyss:3  | Found a corrupted altar of Lugonu.
 34757 | Shoals:2 | Escaped the Abyss
 35166 | Shoals:2 | Cast into level 2 of the Abyss (merfolk impaler)
 35294 | Abyss:2  | Reached skill level 21 in Fighting
 35562 | Abyss:2  | Reached skill level 5 in Dodging
 35663 | Abyss:2  | Got a translucent dire flail
 35992 | Shoals:2 | Escaped the Abyss
 35996 | Shoals:2 | Reached skill level 5 in Shields
 36309 | Shoals:3 | Identified the +5 dire flail of Tortfeasance {speed, rN+ Dex+6} (You found it on level 2 of the Abyss)
 37808 | Shoals:4 | Entered Level 4 of the Shoals
 37883 | Shoals:4 | Noticed Ilsuiw
 37936 | Shoals:3 | Received a gift from Trog
 38510 | Shoals:4 | Reached XP level 19. HP: 178/189 MP: 25/27
 38915 | Shoals:4 | HP: 6/189 [water elemental[Ilsuiw] (4)]
 38918 | Shoals:4 | Hit by a javelin of returning thrown by a merfolk javelineer

Skill      XL: |  1  2  3  4  5  6  7  8  9 10 11 12 13 14 15 16 17 18 |
---------------+-------------------------------------------------------+-----
Axes           | 4 5 6 8 9 10 12 13 15 | 15.4
Fighting       | 5 8 10 12 13 15 16 17 18 19 20 21 | 21.3
Evocations     | 4 6 8 9 10 12 13 | 13.3
Armour         | 6 9 11 12 13 15 16 | 16.8
Maces & Flails | 5 8 10 12 | 12.0
Dodging        | 6 |  6.7
Shields        | 6 |  6.5

Action                   |  1- 3 |  4- 6 |  7- 9 | 10-12 | 13-15 | 16-18 | 19-21 || total
-------------------------+-------+-------+-------+-------+-------+-------+-------++-------
Melee: Hand axe          |    55 |   113 |    17 |       |       |       |       ||   185
       Headbutt          |    10 |    19 |    55 |   137 |   262 |   532 |    17 ||  1032
       War axe           |       |       |   206 |       |       |       |       ||   206
       Whip              |       |       |    67 |   577 |   805 |  1389 |       ||  2838
       Dire flail        |       |       |       |       |       |   218 |    61 ||   279
Invok: Berserk           |     1 |     3 |     8 |    11 |    14 |    28 |     1 ||    66
       Trog's Hand       |       |     2 |     9 |     9 |    19 |    37 |     1 ||    77
       Burn Spellbooks   |       |       |       |       |     3 |     3 |       ||     6
       Brothers in Arms  |       |       |       |       |       |     1 |       ||     1
Evoke: Wand              |       |       |       |       |       |     5 |       ||     5
       Lamp of fire      |       |       |       |       |       |     2 |       ||     2
       Phial of floods   |       |       |       |       |       |     1 |       ||     1
  Use: Scroll            |       |     9 |     2 |     8 |     8 |    16 |       ||    43
       Potion            |       |       |     1 |     1 |     4 |     4 |     1 ||    11
 Stab: Distracted        |       |       |       |       |       |     1 |       ||     1
  Eat: Chunk             |     2 |     6 |    19 |    32 |    38 |    54 |     1 ||   152
       Ration            |       |     1 |     1 |     1 |     3 |    12 |       ||    18
Armor: Animal skin       |    13 |    14 |       |       |       |       |       ||    27
       Chain mail        |       |     6 |   107 |    76 |       |       |       ||   189
       Plate armour      |       |       |       |   129 |   328 |   599 |    27 ||  1083
Dodge: Dodged            |    46 |    84 |    84 |   140 |   206 |   783 |    47 ||  1390
